 Dungeon Sprint DCSS version 0.26-a0-690-gcb57259078 (webtiles) character file.

Game seed: 307056882245097005

56768 mhtbhm the Barachian Blade (level 14, -14/139 HPs)
             Began as a Barachi Fighter on Oct 24, 2020.
             Was the Champion of Okawaru.
             Killed from afar by a fire giant (23 damage)
             ... with a bolt of fire
             ... in the Dungeon (Sprint IX: "|||||||||||||||||||||||||||||").
             The game lasted 00:13:06 (6523 turns).

mhtbhm the Barachian Blade (Barachi Fighter)        Turns: 6523, Time: 00:13:06

Health: -14/139    AC: 22    Str: 27    XL:     14   Next: 83%
Magic:  17/17      EV: 16    Int:  9    God:    Okawaru [******]
Gold:   492        SH: 22    Dex: 13    Spells: 13/13 levels left

rFire    . . .     SeeInvis +   n - +7 demon blade "Noirr" {venom, SInv}
rCold    . . .     Faith    .   c - +0 kite shield
rNeg     . . .     Spirit   .   b - +1 plate armour {rPois}
rPois    +         Reflect  +   (helmet restricted)
rElec    .         Harm     .   v - +0 cloak
rCorr    .         Rampage  .   o - +0 pair of gloves
MR       +....     NoTele   +   (no boots)
Stlth    ..........             i - amulet of reflection
HPRegen  0.33/turn              q - +2 ring of evasion
MPRegen  0.15/turn              x - +6 ring of strength

@: can't hop, slow
A: +LOS, swims, claws 1, horns 1, poison resistance, slowness 1, wild magic 1,
strong legs 2
a: Hop, Heroism, Finesse, Renounce Religion


You were in the Dungeon.
You worshipped Okawaru.
Okawaru was exalted by your worship.
You visited 1 branch You collected 1927 gold pieces.
You spent 1435 gold pieces at shops.

Inventory:

Hand Weapons
 a - a +2 scimitar of flaming
 n - the +7 demon blade "Noirr" (weapon) {venom, SInv}
   (Okawaru gifted it to you in the Dungeon)

   It poisons the flesh of those it strikes.
   It lets you see invisible.
Missiles
 p - 3 curare-tipped darts (quivered)
Armour
 b - a +1 plate armour of poison resistance (worn)
 c - a +0 kite shield (worn)
 o - a +0 pair of gloves (worn)
 v - a +0 cloak (worn)
Jewellery
 i - an amulet of reflection (around neck)
 q - a +2 ring of evasion (left hand)
 r - an uncursed ring of see invisible
 x - a +6 ring of strength (right hand)
 y - an uncursed ring of ice
 z - an uncursed ring of fire
Wands
 j - a wand of flame (11)
Scrolls
 g - a scroll of magic mapping
 l - 3 scrolls of remove curse
 m - 2 scrolls of amnesia
 s - 3 scrolls of enchant weapon
 t - 7 scrolls of fear
 w - 3 scrolls of blinking
 C - a scroll of fog
Potions
 e - 7 potions of curing
 f - 4 potions of heal wounds
 h - 4 potions of magic
 k - a potion of invisibility
 B - 2 potions of haste
 D - a potion of ambrosia {unknown}


   Skills:
 + Level 21.9 Fighting
 + Level 22.4 Long Blades
 + Level 9.3 Throwing
 + Level 17.3 Armour
 + Level 12.5 Dodging
 + Level 4.0 Stealth
 + Level 20.8 Shields
 + Level 4.6 Invocations
 + Level 5.2 Evocations


You had 13 spell levels left.
You didn't know any spells.
Your spell library contained the following spells:

 Spells                   Type           Power        Failure   Level
 Corona                   Hex            #......      95%         1
 Slow                     Hex            #.......     99%         2
 Inner Flame              Hex/Fire       #.......     100%        3
 Portal Projectile        Hex/Tloc       #.....       100%        3
 Cause Fear               Hex            #.........   100%        4
 Leda's Liquefaction      Hex/Erth       #.........   100%        4


Dungeon Overview and Level Annotations

Branches:
Dungeon (1/1)

Altars:
Cheibriados
Dithmenos
Elyvilon
Fedhas
Gozag
Hepliaklqana
Kikubaaqudgha
Makhleb
Nemelex Xobeh
Okawaru
Qazlal
Ru
Sif Muna
Trog
Uskayaw
Vehumet
Wu Jian
Xom
Yredelemnul
Zin
The Shining One
Beogh
Jiyva
Lugonu

Shops:
D (=(*


Innate Abilities, Weirdness & Mutations

You can be seen from farther away. (+LOS)
You can swim through water.
You cover ground slowly.
You can hop long distances.
You have sharp fingernails.
You have a pair of small horns on your head.
Your system is resistant to poisons. (rPois)
Your spells are a little harder to cast, but a little more powerful.


Message History

Things that are here:
a runed fustibalus {god gift}; a +0 whip; a +0 leather armour You feel yourself slow down.
You see here a +0 ring mail.
Things that are here:
a +0 dagger; a +0 robe
Things that are here:
a +3 battleaxe of freezing; a +3 leather armour of magic resistance
Things that are here:
a +7 long sword of electrocution; a cursed -1 plate armour; a +0 kite shield You start resting.
A fire giant is nearby!
Unknown command.
The fire giant gestures at you while chanting.
The fireball explodes!
The fireball engulfs you!!!
* * * LOW HITPOINT WARNING * * *
There is an open door here.
The fire giant points at you and mumbles some strange words.
The bolt of fire hits you!!
You die...

▓▓▓▓▓▓▓▓▓▓▓▓▓▓▓▓▓▓▓▓▓▓▓▓▓▓▓▓▓▓▓▓▓
)....).................C.C......▓
▓▓▓▓▓▓▓▓▓♣♣♣♣♣♣♣♣♣♣▓▓▓▓▓▓▓▓▓▓▓▓.▓
)†.......)).....@..'.CC.........▓
▓▓▓▓▓▓▓▓▓♣♣♣♣♣♣♣♣♣♣▓▓▓▓▓▓▓▓▓▓▓▓▓▓
................................▓
▓▓▓▓▓▓▓▓▓▓▓▓▓▓▓▓▓▓▓▓▓▓▓▓▓▓▓▓▓▓▓.▓
......()(.)...........'.........▓
▓▓▓▓▓▓▓▓▓▓▓▓▓▓▓▓▓▓▓▓▓▓▓▓▓▓▓▓▓▓▓▓▓
................................▓
▓▓▓▓▓▓▓▓▓▓▓▓▓▓▓▓▓▓▓▓▓▓▓▓▓▓▓▓▓▓▓.▓
)..(')))).∩.∩.∩.∩.....'.........▓


You could see a frost giant and a fire giant.

Vanquished Creatures
  Saint Roka (D)
  Rupert (D)
  Donald (D)
  3 fire giants (D)
  A ghost moth (D)
  An emperor scorpion (D)
  A frost giant (D)
  Aizul (D)
  2 very ugly things (D)
  2 stone giants (D)
  A fire dragon (D)
  Erolcha (D)
  A yaktaur captain (D)
  A naga warrior (D)
  An ice dragon (D)
  3 hydras (D)
  2 anacondas (D)
  A centaur warrior (D)
  2 alligators (D)
  A two-headed ogre (D)
  A death yak (D)
  9 orc high priests (D)
  A deep troll earth mage (D)
  Sonja (D)
  A salamander mystic (D)
  A sea snake (D)
  2 spriggan druids (D)
  A swamp dragon (D)
  A naga ritualist (D)
  An orb spider (D)
  6 orc knights (D)
  3 cyclopes (D)
  An orc sorcerer (D)
  3 manticores (D)
  A moth of wrath (D)
  3 ugly things (D)
  Maurice (D)
  A black mamba (D)
  A merfolk siren (D)
  2 guardian serpents (D)
  6 cane toads (D)
  A demonic crawler (D)
  A troll (D)
  2 jumping spiders (D)
  3 merfolk (D)
  2 slime creatures (D)
  4 tyrant leeches (D)
  A snapping turtle (D)
  A blink frog (D)
  3 redbacks (D)
  A tarantella (D)
  2 yaks (D)
  A basilisk (D)
  Grum (D)
  2 wyverns (D)
  3 vampire mosquitoes (D)
  A soldier ant (D)
  2 water moccasins (D)
  15 orc warriors (D)
  A black bear (D)
  A necrophage (D)
  4 wolves (D)
  4 bullfrogs (D)
  A scorpion (D)
  A quasit (D)
  3 orc priests (D)
  An orc wizard (D)
  An adder zombie (D)
  An adder skeleton (D)
  A dart slug (D)
  A leopard gecko (D)
  12 orcs (D)
  A bat zombie (D)
  2 giant cockroaches (D)
  2 hobgoblins (D)
  2 frilled lizards (D)
  A leopard gecko skeleton (D)
  A rat (D)
162 creatures vanquished.

Vanquished Creatures (others)
  A naga (D)
1 creature vanquished.

Grand Total: 163 creatures vanquished

Notes
Turn   | Place    | Note
-------+----------+-------------------------------------------
     0 | D        | mhtbhm the Barachi Fighter began the quest for the Orb.
     0 | D        | Reached XP level 1. HP: 18/18 MP: 1/1
    22 | D        | Reached XP level 2. HP: 22/26 MP: 2/2
    72 | D        | Reached skill level 3 in Long Blades
    84 | D        | Found a roughly hewn altar of Beogh.
    84 | D        | Found a snail-covered altar of Cheibriados.
    84 | D        | Found a shadowy altar of Dithmenos.
    84 | D        | Found a white marble altar of Elyvilon.
    84 | D        | Found a blossoming altar of Fedhas.
    84 | D        | Found an opulent altar of Gozag.
    84 | D        | Found a hazy altar of Hepliaklqana.
    85 | D        | Found a viscous altar of Jiyva.
    86 | D        | Found an ancient bone altar of Kikubaaqudgha.
    87 | D        | Found a corrupted altar of Lugonu.
    88 | D        | Found a burning altar of Makhleb.
    89 | D        | Found a sparkling altar of Nemelex Xobeh.
    90 | D        | Found an iron altar of Okawaru.
    91 | D        | Found a stormy altar of Qazlal.
    92 | D        | Found a sacrificial altar of Ru.
    93 | D        | Found a shimmering blue altar of Sif Muna.
    94 | D        | Found a bloodstained altar of Trog.
    95 | D        | Found a hide-covered altar of Uskayaw.
    96 | D        | Found a radiant altar of Vehumet.
    97 | D        | Found an ornate altar of the Wu Jian Council.
    98 | D        | Found a shimmering altar of Xom.
    99 | D        | Found a basalt altar of Yredelemnul.
   100 | D        | Found a glowing silver altar of Zin.
   101 | D        | Found a glowing golden altar of the Shining One.
   109 | D        | Became a worshipper of Warmaster Okawaru
   197 | D        | Noticed a wyvern
   197 | D        | Noticed a wyvern
   197 | D        | Noticed a black bear
   197 | D        | Noticed an orc warrior
   201 | D        | Killed a wyvern
   201 | D        | Reached * piety under Okawaru
   201 | D        | Reached skill level 6 in Long Blades
   201 | D        | Reached skill level 1 in Dodging
   201 | D        | Reached XP level 3. HP: 35/35 MP: 3/3
   201 | D        | Reached XP level 4. HP: 41/41 MP: 4/4
   201 | D        | Reached XP level 5. HP: 47/47 MP: 5/5
   208 | D        | Killed a wyvern
   208 | D        | Reached ** piety under Okawaru
   208 | D        | Reached skill level 7 in Long Blades
   208 | D        | Reached XP level 6. HP: 27/56 MP: 6/6
   208 | D        | Reached skill level 8 in Long Blades
   209 | D        | Killed a black bear
   213 | D        | Killed an orc warrior
   213 | D        | Reached skill level 9 in Long Blades
   213 | D        | Reached XP level 7. HP: 28/64 MP: 7/7
   397 | D        | Noticed a soldier ant
   397 | D        | Noticed a yak
   397 | D        | Noticed a manticore
   407 | D        | Killed a soldier ant
   411 | D        | Reached skill level 10 in Long Blades
   418 | D        | Killed a yak
   418 | D        | Reached *** piety under Okawaru
   418 | D        | Reached skill level 10 in Fighting
   426 | D        | Killed a manticore
   426 | D        | Reached skill level 11 in Long Blades
   426 | D        | Reached skill level 10 in Armour
   426 | D        | Reached skill level 10 in Shields
   426 | D        | Reached XP level 8. HP: 26/74 MP: 8/8
   427 | D        | Reached skill level 12 in Long Blades
   745 | D        | Gained mutation: Armour fits poorly on your strangely
                  | shaped body. [potion of mutation]
   745 | D        | Gained mutation: You are robust. (+10% HP) [potion of
                  | mutation]
   745 | D        | Gained mutation: Your spells are a little harder to cast,
                  | but a little more powerful. [potion of mutation]
   757 | D        | Noticed a cane toad
   757 | D        | Noticed a blink frog
   757 | D        | Noticed a yak
   757 | D        | Noticed a four-headed hydra
   757 | D        | Noticed a cane toad
   757 | D        | Noticed a cane toad
   762 | D        | Killed a cane toad
   762 | D        | Reached skill level 13 in Long Blades
   762 | D        | Reached skill level 1 in Evocations
   762 | D        | Reached XP level 9. HP: 77/89 MP: 6/9
   769 | D        | Reached **** piety under Okawaru
   774 | D        | Killed a one-headed hydra
   774 | D        | Reached skill level 14 in Long Blades
   774 | D        | Reached skill level 5 in Dodging
   781 | D        | Killed a cane toad
   781 | D        | Reached ***** piety under Okawaru
   781 | D        | Reached skill level 15 in Long Blades
   785 | D        | Killed a cane toad
   785 | D        | Reached XP level 10. HP: 75/99 MP: 8/10
   884 | D        | Noticed a death yak
   886 | D        | Noticed a cane toad
   907 | D        | Received a gift from Okawaru
   912 | D        | Killed a death yak
   912 | D        | Reached skill level 16 in Long Blades
   912 | D        | Reached skill level 1 in Invocations
   917 | D        | Killed a cane toad
  1149 | D        | Noticed a cane toad
  1149 | D        | Noticed a cane toad
  1473 | D        | Reached skill level 17 in Long Blades
  1480 | D        | Killed a cane toad
  1487 | D        | Received a gift from Okawaru
  1770 | D        | Killed a cane toad
  1774 | D        | Reached XP level 11. HP: 97/110 MP: 11/11
  1792 | D        | Lost mutation: Armour fits poorly on your strangely shaped
                  | body. [potion of mutation]
  1792 | D        | Lost mutation: Your spells are a little harder to cast, but
                  | a little more powerful. [potion of mutation]
  1792 | D        | Lost mutation: You are robust. (+10% HP) [potion of
                  | mutation]
  1792 | D        | Gained mutation: You have sharp fingernails. [potion of
                  | mutation]
  1792 | D        | Gained mutation: Your spells are a little harder to cast,
                  | but a little more powerful. [potion of mutation]
  1792 | D        | Gained mutation: Your system is resistant to poisons.
                  | (rPois) [potion of mutation]
  1851 | D        | Noticed Erolcha
  1860 | D        | Killed Erolcha
  1860 | D        | Received a gift from Okawaru
  1863 | D        | Noticed Grum
  1872 | D        | Killed Grum
  1886 | D        | Noticed Maurice
  1901 | D        | Killed Maurice
  1901 | D        | Reached ****** piety under Okawaru
  2009 | D        | Noticed an orc knight
  2023 | D        | Killed an orc knight
  2023 | D        | Reached skill level 15 in Fighting
  2319 | D        | Noticed an orc knight
  2332 | D        | Killed an orc knight
  2332 | D        | Reached skill level 18 in Long Blades
  2337 | D        | Reached skill level 1 in Throwing
  2492 | D        | Found Keipoc's Weapon Emporium.
  2492 | D        | Noticed an orc high priest
  2492 | D        | Noticed an orc high priest
  2492 | D        | Noticed an orc knight
  2492 | D        | Noticed an orc high priest
  2492 | D        | Noticed an orc knight
  2492 | D        | Noticed an orc high priest
  2493 | D        | Noticed an orc knight
  2496 | D        | Gained mutation: You have a pair of small horns on your
                  | head. [a neqoxec]
  2503 | D        | Killed an orc high priest
  2503 | D        | Received a gift from Okawaru
  2503 | D        | Killed an orc high priest
  2505 | D        | Found Ugiriuq's Jewellery Shoppe.
  2505 | D        | Noticed an orc high priest
  2507 | D        | Killed an orc high priest
  2509 | D        | Killed an orc knight
  2509 | D        | Reached skill level 15 in Armour
  2510 | D        | Killed an orc high priest
  2515 | D        | Killed an orc knight
  2515 | D        | Received a gift from Okawaru
  2515 | D        | Reached XP level 12. HP: 50/113 MP: 13/13
  2516 | D        | Noticed an orc high priest
  2522 | D        | Found Xeckuagh's Weapon Emporium.
  2524 | D        | Noticed a sun demon
  2524 | D        | Killed an orc high priest
  2615 | D        | Noticed a soul eater
  2636 | D        | Killed an orc high priest
  2636 | D        | Reached skill level 15 in Shields
  2983 | D        | Reached skill level 5 in Throwing
  3092 | D        | Noticed an orc high priest
  3095 | D        | Noticed a sun demon
  3110 | D        | Killed an orc high priest
  3471 | D        | Found Ezxoih's General Store.
  3478 | D        | Noticed an orc high priest
  3479 | D        | Noticed an orc high priest
  3486 | D        | Killed an orc high priest
  3488 | D        | Killed an orc high priest
  3521 | D        | Bought a scroll of enchant weapon for 105 gold pieces
  3521 | D        | Bought a scroll of magic mapping for 49 gold pieces
  3521 | D        | Bought a potion of curing for 42 gold pieces
  3527 | D        | Bought an uncursed amulet of reflection for 420 gold pieces
  3527 | D        | Bought a +6 ring of strength for 819 gold pieces
  3660 | D        | Noticed Sonja
  3665 | D        | Killed Sonja
  3665 | D        | Reached skill level 19 in Long Blades
  3896 | D        | Noticed a two-headed ogre
  3896 | D        | Noticed a five-headed hydra
  3907 | D        | Killed a two-headed ogre
  3912 | D        | Killed a three-headed hydra
  3912 | D        | Received a gift from Okawaru
  3916 | D        | Noticed a frost giant
  3920 | D        | Noticed a deep troll earth mage
  3922 | D        | Noticed a centaur warrior
  3923 | D        | Noticed a fire dragon
  3925 | D        | Noticed a fire giant
  3931 | D        | Killed a frost giant
  3931 | D        | Reached skill level 5 in Evocations
  3935 | D        | Got a crystal demon blade {god gift}
  3959 | D        | Killed a deep troll earth mage
  3963 | D        | Killed a centaur warrior
  3963 | D        | Gained mutation: You can hop long distances. [Barachi
                  | growth]
  3963 | D        | Reached XP level 13. HP: 84/122 MP: 12/14
  4318 | D        | Killed a fire dragon
  4410 | D        | Killed a fire giant
  4410 | D        | Received a gift from Okawaru
  4420 | D        | Identified the +7 demon blade "Noirr" {venom, SInv}
                  | (Okawaru gifted it to you in the Dungeon)
  4579 | D        | Reached skill level 20 in Long Blades
  4594 | D        | Reached skill level 1 in Stealth
  4696 | D        | Received a gift from Okawaru
  5010 | D        | Noticed a ghost moth
  5023 | D        | Killed a ghost moth
  5031 | D        | Reached skill level 10 in Dodging
  5042 | D        | Received a gift from Okawaru
  5128 | D        | Noticed a purple very ugly thing
  5138 | D        | Killed a purple very ugly thing
  5150 | D        | Reached skill level 21 in Long Blades
  5159 | D        | Reached XP level 14. HP: 114/134 MP: 16/16
  5166 | D        | Received a gift from Okawaru
  5232 | D        | Noticed an emperor scorpion
  5249 | D        | Killed an emperor scorpion
  5508 | D        | Noticed Aizul
  5519 | D        | Killed Aizul
  5765 | D        | Noticed Donald
  5780 | D        | Killed Donald
  5930 | D        | Noticed Rupert
  5931 | D        | Paralysed by Rupert for 7 turns
  5947 | D        | Killed Rupert
  5952 | D        | Noticed Saint Roka
  5977 | D        | Killed Saint Roka
  5977 | D        | Received a gift from Okawaru
  6394 | D        | Noticed a fire giant
  6394 | D        | Noticed a stone giant
  6394 | D        | Noticed a red very ugly thing
  6394 | D        | Noticed a stone giant
  6395 | D        | Noticed a fire giant
  6401 | D        | Killed a fire giant
  6401 | D        | Reached skill level 22 in Long Blades
  6404 | D        | Killed a red very ugly thing
  6404 | D        | Killed a stone giant
  6404 | D        | Received a gift from Okawaru
  6406 | D        | Noticed a fire giant
  6407 | D        | Killed a stone giant
  6408 | D        | Received a gift from Okawaru
  6408 | D        | Noticed a frost giant
  6409 | D        | Noticed a green very ugly thing
  6419 | D        | Killed a fire giant
  6523 | D        | Killed from afar by a fire giant

Illustrated notes

Levels and vault maps discovered:
D:        linesprint [early_d, line_temple, items_1, d_10, items_2, lair_1,
          lair_end, items_3, orc_1, orc_end, items_4, d_15, swamp_1, shoals_1,
          snake_1, spider_1, d_20, vaults_1, items_5, swamp_end, shoals_end,
          snake_end, spider_end, vaults_end, d_27, items_6, zot_1, zot_end,
          crypt_end, forest_end, elf_end, slime_end, tomb_end, abyss_end,
          pan_hell_end]

Skill      XL: |  1  2  3  4  5  6  7  8  9 10 11 12 13 14 |
---------------+-------------------------------------------+-----
Fighting       | 4 6 8 9 10 11 12 14 16 18 19 21 | 21.9
Armour         | 4 7 8 9 10 11 12 13 15 16 17 | 17.3
Shields        | 4 6 7 8 10 11 12 14 16 19 20 | 20.8
Long Blades    | 6 7 9 11 13 15 17 18 19 21 22 | 22.4
Dodging        | 1 2 3 4 5 6 7 11 12 | 12.5
Evocations     | 1 2 3 5 |  5.2
Invocations    | 1 2 3 4 |  4.6
Throwing       | 3 6 7 9 |  9.3
Stealth        | 2 4 |  4.0

Action                   |  1- 3 |  4- 6 |  7- 9 | 10-12 | 13-15 || total
-------------------------+-------+-------+-------+-------+-------++-------
Melee: Long sword        |    30 |       |       |       |       ||    30
       Scimitar          |     4 |    10 |    58 |   278 |    26 ||   376
       Headbutt          |       |       |       |    30 |    74 ||   104
       Demon blade       |       |       |       |       |   218 ||   218
Throw: Javelin           |       |       |       |    18 |    22 ||    40
       Dart              |       |       |       |       |     2 ||     2
Invok: Heroism           |       |       |     1 |     5 |     2 ||     8
       Finesse           |       |       |       |       |     1 ||     1
 Abil: Hop               |       |       |       |     3 |     2 ||     5
Evoke: Wand              |       |     1 |     1 |     8 |       ||    10
  Use: Potion            |       |       |     1 |     7 |     6 ||    14
       Scroll            |       |       |       |       |     1 ||     1
Armor: Scale mail        |     5 |       |       |       |       ||     5
       Chain mail        |     1 |     1 |    16 |    47 |       ||    65
       Swamp dragon scal |       |       |       |     6 |    35 ||    41
       Plate armour      |       |       |       |       |     2 ||     2
Dodge: Dodged            |     9 |     4 |    15 |    75 |    90 ||   193
Block: Kite shield       |    15 |     4 |    19 |   132 |   189 ||   359
       Reflection        |       |       |       |     3 |     3 ||     6
       Rpst.: Long sword |     3 |       |       |       |       ||     3
       Scimitar          |       |     2 |     4 |    17 |       ||    23
       Demon blade       |       |       |       |       |    13 ||    13

Table legend: (Time is in decaauts)
 A = Elapsed time spent in this place.
 B = Non-inter-level travel time spent in this place.
 C = Inter-level travel time spent in this place.
 D = Time resting spent in this place.
 E = Time spent auto-exploring this place.
 F = Levels seen in this place.
 G = Mean time per level.
                   A        B        C        D        E       F      G
               +--------+--------+--------+--------+--------+-----+--------+
         Total |   6649 |   6649 |      0 |   3644 |   1179 |   1 | 6649.0 |
       Dungeon |   6649 |   6649 |      0 |   3644 |   1179 |   1 | 6649.0 |
               +--------+--------+--------+--------+--------+-----+--------+

Top non-repeatable levels by time:
       D: 6649 daAuts
